HS
JEFFERSON CITY HS JAGUARS @ POLY PREP COUNTRY DAY SCHOOL BLUE DEVILS
04/11/2060
 
TOP OF THE 1ST
Jefferson City HS Jaguars batting - Pitching for Poly Prep Country Day School Blue Devils : RHP Eddie Mears
Pitching: RHP Eddie Mears
Batting: LHB Jakob Stewart 0-0: Called Strike
0-1: Ground out 6-3 (Groundball, 6M, EV 95.6 MPH)
Batting: RHB E.J. Compton 0-0: Called Strike
0-1: Foul Ball, location: 2F
0-2: Fly out, F7 (Flyball, 78M, EV 75.6 MPH)
Batting: LHB Joey Trinidad 0-0: Foul Ball, location: 2F
0-1: SINGLE (Groundball, 4D, EV 100.6 MPH)
Batting: RHB Dawson Overton 0-0: Foul Ball, location: 2F
0-1: Ball
1-1: Foul Ball, location: 2F
1-2: Fielders Choice at 2nd, 6-4 (Groundball, 6, EV 99.4 MPH)
Top of the 1st over - 0 runs, 1 hit, 0 errors, 1 left on base; Jefferson City HS 0 - Poly Prep Country Day School 0
BOTTOM OF THE 1ST
Poly Prep Country Day School Blue Devils batting - Pitching for Jefferson City HS Jaguars : RHP Dakota Stockwell
Pitching: RHP Dakota Stockwell
Batting: RHB Kevin Joseph 0-0: Ball
1-0: Called Strike
1-1: Ball
2-1: Swinging Strike
2-2: Foul Ball, location: 2F
2-2: Strikes out swinging
Batting: RHB Ashton Kim 0-0: Ground out 1-3 (Groundball, 15, EV 65.0 MPH)
Batting: LHB Lucas Costner 0-0: SINGLE (Groundball, P, EV 92.5 MPH) (infield hit)
Batting: RHB Kevin Duffie 0-0: SINGLE (Line Drive, 7S, EV 103.8 MPH)
Lucas Costner to second
Batting: LHB Vince Moore 0-0: Ball
1-0: Foul Ball, location: 2F
1-1: Called Strike
1-2: Strikes out swinging
Bottom of the 1st over - 0 runs, 2 hits, 0 errors, 2 left on base; Jefferson City HS 0 - Poly Prep Country Day School 0
TOP OF THE 2ND
Jefferson City HS Jaguars batting - Pitching for Poly Prep Country Day School Blue Devils : RHP Eddie Mears
Batting: RHB Jaime Klutts 0-0: Called Strike
0-1: Foul Ball, location: 2F
0-2: Strikes out swinging
Batting: RHB Parker Benedetto 0-0: Ball
1-0: Called Strike
1-1: Fly out, F8 (Flyball, 8LM, EV 74.4 MPH)
Batting: SHB Hassan Meade 0-0: Ball
1-0: Ball
2-0: Ball
3-0: Base on Balls
Batting: RHB Cole Shirah 0-0: Ground out 4-3 (Groundball, 4, EV 83.1 MPH)
Top of the 2nd over - 0 runs, 0 hits, 0 errors, 1 left on base; Jefferson City HS 0 - Poly Prep Country Day School 0
BOTTOM OF THE 2ND
Poly Prep Country Day School Blue Devils batting - Pitching for Jefferson City HS Jaguars : RHP Dakota Stockwell
Batting: RHB Gavin Higdon 0-0: SINGLE (Line Drive, 3D, EV 101.9 MPH)
Batting: RHB Kurt Hutchinson 0-0: Ball
1-0: Called Strike
Gavin Higdon steals 2nd base
1-1: Ball
2-1: Ball
3-1: Foul Ball, location: 2F
3-2: Base on Balls
Batting: LHB Joseph Krausse 0-0: Swinging Strike
0-1: SINGLE (Groundball, 56D, EV 105.0 MPH)
Gavin Higdon to third
Kurt Hutchinson to second
Runner from 3rd tries for Home, SAFE, throw by LF to home
Batting: RHB Eddie Martin 0-0: Ball
1-0: Swinging Strike
1-1: Ball
2-1: Called Strike
2-2: Strikes out swinging
Batting: RHB Kevin Joseph 0-0: Ball
1-0: Swinging Strike
1-1: Ball
2-1: Foul Ball, location: 2F
2-2: Ball
3-2: Fielders Choice at 2nd, 6-4 (Groundball, 6M, EV 104.4 MPH)
Kurt Hutchinson to third
Batting: RHB Ashton Kim 0-0: Foul Ball, location: 2F
0-1: Swinging Strike
0-2: Ball
1-2: Strikes out swinging
Bottom of the 2nd over - 1 run, 2 hits, 0 errors, 2 left on base; Jefferson City HS 0 - Poly Prep Country Day School 1
TOP OF THE 3RD
Jefferson City HS Jaguars batting - Pitching for Poly Prep Country Day School Blue Devils : RHP Eddie Mears
Batting: RHB Geoffrey Hogan 0-0: SOLO HOME RUN (Flyball, 8LXD, EV 115.0 MPH), Distance : 459 ft
Batting: LHB Jakob Stewart 0-0: Ball
1-0: Swinging Strike
1-1: Ground out 6-3 (Groundball, 6, EV 80.0 MPH)
Batting: RHB E.J. Compton 0-0: Called Strike
0-1: Ground out 6-3 (Groundball, 6, EV 88.1 MPH)
Batting: LHB Joey Trinidad 0-0: Ball
1-0: Ball
2-0: Foul Ball, location: 2F
2-1: Called Strike
2-2: Fly out, F8 (Flyball, 8RD, EV 96.2 MPH)
Top of the 3rd over - 1 run, 1 hit, 0 errors, 0 left on base; Jefferson City HS 1 - Poly Prep Country Day School 1
BOTTOM OF THE 3RD
Poly Prep Country Day School Blue Devils batting - Pitching for Jefferson City HS Jaguars : RHP Dakota Stockwell
Batting: LHB Lucas Costner 0-0: Ball
1-0: Called Strike
1-1: SINGLE (Groundball, P, EV 85.6 MPH) (infield hit)
Batting: RHB Kevin Duffie 0-0: Ball
1-0: Ball
2-0: Foul Ball, location: 2F
2-1: Ball
3-1: SINGLE (Groundball, 6MD, EV 96.9 MPH)
Lucas Costner to second
Runner from 2nd tries for 3rd, OUT! 8-5
Batting: LHB Vince Moore 0-0: Ball
1-0: Ball
2-0: Foul Ball, location: 2F
2-1: Reached on error, E6 (Groundball, 6, EV 81.9 MPH)
Kevin Duffie to second
Pitching: RHP Johnathan Applewhite
Batting: RHB Gavin Higdon 0-0: Swinging Strike
0-1: Foul Ball, location: 2F
0-2: Ball
1-2: Grounds into double play, 6-4-3 (Groundball, 6, EV 105.0 MPH)
Bottom of the 3rd over - 0 runs, 2 hits, 1 error, 1 left on base; Jefferson City HS 1 - Poly Prep Country Day School 1
TOP OF THE 4TH
Jefferson City HS Jaguars batting - Pitching for Poly Prep Country Day School Blue Devils : RHP Eddie Mears
Batting: RHB Dawson Overton 0-0: Ball
1-0: Swinging Strike
1-1: Swinging Strike
1-2: Foul Ball, location: 2F
1-2: Strikes out swinging, 2-3 out at first.
Batting: RHB Jaime Klutts 0-0: Ball
1-0: Ball
2-0: Fly out, F9 (Line Drive, 9S, EV 91.2 MPH)
Batting: RHB Parker Benedetto 0-0: Swinging Strike
0-1: Foul Ball, location: 2F
0-2: Ball
1-2: Ball
2-2: Ball
3-2: Foul Ball, location: 2F
3-2: Ground out 4-3 (Groundball, 4, EV 76.9 MPH)
Top of the 4th over - 0 runs, 0 hits, 0 errors, 0 left on base; Jefferson City HS 1 - Poly Prep Country Day School 1
BOTTOM OF THE 4TH
Poly Prep Country Day School Blue Devils batting - Pitching for Jefferson City HS Jaguars : RHP Johnathan Applewhite
Batting: RHB Kurt Hutchinson 0-0: Ball
1-0: Foul Ball, location: 2F
1-1: Foul Ball, location: 2F
1-2: Ball
2-2: SINGLE (Groundball, 4MD, EV 102.5 MPH)
Batting: LHB Joseph Krausse 0-0: Ball
1-0: Swinging Strike
1-1: Ball
2-1: Ball
3-1: Fielders Choice at 2nd, 6-4 (Groundball, 6, EV 85.0 MPH)
Batting: RHB Eddie Martin 0-0: Ball
1-0: Ball
2-0: Foul Ball, location: 2F
2-1: Fly out, F8 (Flyball, 8RM, EV 90.0 MPH)
Batting: RHB Kevin Joseph 0-0: Ball
1-0: Called Strike
1-1: Ball
2-1: Fly out, F8 (Flyball, 8LM, EV 88.8 MPH)
Bottom of the 4th over - 0 runs, 1 hit, 0 errors, 1 left on base; Jefferson City HS 1 - Poly Prep Country Day School 1
TOP OF THE 5TH
Jefferson City HS Jaguars batting - Pitching for Poly Prep Country Day School Blue Devils : RHP Eddie Mears
Batting: SHB Hassan Meade 0-0: Called Strike
0-1: Swinging Strike
0-2: Ball
1-2: Strikes out swinging
Batting: RHB Cole Shirah 0-0: Called Strike
0-1: SINGLE (Groundball, 34D, EV 111.9 MPH)
Batting: RHB Geoffrey Hogan 0-0: Ball
1-0: Ball
Cole Shirah is caught stealing 2nd base 2-4
2-0: Called Strike
2-1: Ball
3-1: SINGLE (Groundball, 25, EV 65.0 MPH) (infield hit)
Batting: LHB Jakob Stewart 0-0: Ball
1-0: Ball
2-0: Called Strike
2-1: Foul Ball, location: 2F
2-2: Ball
3-2: Fly out, F7 (Line Drive, 7D, EV 91.2 MPH)
Top of the 5th over - 0 runs, 2 hits, 0 errors, 1 left on base; Jefferson City HS 1 - Poly Prep Country Day School 1
BOTTOM OF THE 5TH
Poly Prep Country Day School Blue Devils batting - Pitching for Jefferson City HS Jaguars : RHP Johnathan Applewhite
Batting: RHB Ashton Kim 0-0: Foul Ball, location: 2F
0-1: Ball
1-1: Called Strike
1-2: Fly out, F8 (Line Drive, 8RD, EV 99.4 MPH)
Batting: LHB Lucas Costner 0-0: Ground out 4-3 (Groundball, 4, EV 111.2 MPH)
Batting: RHB Kevin Duffie 0-0: Called Strike
0-1: Ball
1-1: Fly out, F9 (Flyball, 9S, EV 80.0 MPH)
Bottom of the 5th over - 0 runs, 0 hits, 0 errors, 0 left on base; Jefferson City HS 1 - Poly Prep Country Day School 1
TOP OF THE 6TH
Jefferson City HS Jaguars batting - Pitching for Poly Prep Country Day School Blue Devils : RHP Eddie Mears
Batting: RHB E.J. Compton 0-0: Ball
1-0: Fly out, F6 (Popup, 6, EV 60.0 MPH)
Batting: LHB Joey Trinidad 0-0: Called Strike
0-1: Called Strike
0-2: Ball
1-2: Ball
2-2: Ball
3-2: Fly out, F7 (Flyball, 7LM, EV 78.1 MPH)
Batting: RHB Dawson Overton 0-0: Ground out 4-3 (Groundball, 34, EV 106.9 MPH)
Top of the 6th over - 0 runs, 0 hits, 0 errors, 0 left on base; Jefferson City HS 1 - Poly Prep Country Day School 1
BOTTOM OF THE 6TH
Poly Prep Country Day School Blue Devils batting - Pitching for Jefferson City HS Jaguars : RHP Johnathan Applewhite
Batting: LHB Vince Moore 0-0: Ball
1-0: Ball
2-0: Called Strike
2-1: Called Strike
2-2: Foul Ball, location: 2F
2-2: Foul Ball, location: 2F
2-2: Fly out, F8 (Line Drive, 8RD, EV 96.9 MPH)
Pitching: RHP Joey Carroll
Batting: RHB Gavin Higdon 0-0: Ball
1-0: Foul Ball, location: 2F
1-1: Ball
2-1: Fly out, F8 (Line Drive, 8RM, EV 93.1 MPH)
Batting: RHB Kurt Hutchinson 0-0: Called Strike
0-1: Fly out, F8 (Flyball, 8LD, EV 104.4 MPH)
Bottom of the 6th over - 0 runs, 0 hits, 0 errors, 0 left on base; Jefferson City HS 1 - Poly Prep Country Day School 1
TOP OF THE 7TH
Jefferson City HS Jaguars batting - Pitching for Poly Prep Country Day School Blue Devils : RHP Eddie Mears
Batting: RHB Jaime Klutts 0-0: Ball
1-0: Fly out, F9 (Flyball, 89M, EV 73.1 MPH)
Batting: RHB Parker Benedetto 0-0: Called Strike
0-1: Ball
1-1: Foul Ball, location: 2F
1-2: Ball
2-2: Ball
3-2: Fly out, F9 (Flyball, 9S, EV 96.2 MPH)
Batting: SHB Hassan Meade 0-0: Ball
1-0: Ball
2-0: Foul Ball, location: 2F
2-1: Ground out U3 (Groundball, 34, EV 87.5 MPH)
Top of the 7th over - 0 runs, 0 hits, 0 errors, 0 left on base; Jefferson City HS 1 - Poly Prep Country Day School 1
BOTTOM OF THE 7TH
Poly Prep Country Day School Blue Devils batting - Pitching for Jefferson City HS Jaguars : RHP Joey Carroll
Batting: LHB Joseph Krausse 0-0: Ball
1-0: Ground out 6-3 (Groundball, 6, EV 80.6 MPH)
Pinch Hitting: RHB Karl Luther 0-0: Ball
1-0: DOUBLE (Line Drive, 7LS, EV 101.2 MPH)
Batting: RHB Kevin Joseph 0-0: Ball
1-0: Foul Ball, location: 2F
1-1: Ball
2-1: SINGLE (Line Drive, 8LS, EV 99.4 MPH)
Karl Luther to third
Batting: RHB Ashton Kim 0-0: Called Strike
0-1: Ball
1-1: SINGLE (Groundball, 34S, EV 66.2 MPH) (infield hit)
Kevin Joseph to second
Batting: LHB Lucas Costner 0-0: Called Strike
0-1: Swinging Strike
0-2: Ball
1-2: Strikes out swinging
Batting: RHB Kevin Duffie 0-0: Ball
1-0: Foul Ball, location: 2F
1-1: Foul Ball, location: 2F
1-2: Fly out, F7 (Flyball, 7, EV 93.1 MPH)
Bottom of the 7th over - 0 runs, 3 hits, 0 errors, 3 left on base; Jefferson City HS 1 - Poly Prep Country Day School 1
TOP OF THE 8TH
Jefferson City HS Jaguars batting - Pitching for Poly Prep Country Day School Blue Devils : RHP Eddie Mears
Pitching: RHP Arnold Trout
Now at SS: Riley Lunney
Pinch Hitting: SHB Kayden Kartodirdjo 0-0: Swinging Strike
0-1: Ball
1-1: Foul Ball, location: 2F
1-2: Foul Ball, location: 2F
1-2: Ball
2-2: Strikes out swinging
Pinch Hitting: LHB Carter Saddler 0-0: Ball
1-0: Swinging Strike
1-1: Foul Ball, location: 2F
1-2: Ball
2-2: Foul Ball, location: 2F
2-2: Strikes out swinging
Batting: LHB Jakob Stewart 0-0: Foul Ball, location: 2F
0-1: Ground out 4-3 (Groundball, 4D, EV 106.9 MPH)
Top of the 8th over - 0 runs, 0 hits, 0 errors, 0 left on base; Jefferson City HS 1 - Poly Prep Country Day School 1
BOTTOM OF THE 8TH
Poly Prep Country Day School Blue Devils batting - Pitching for Jefferson City HS Jaguars : RHP Joey Carroll
Now at 3B: Kayden Kartodirdjo
Now at SS: Elliot Kukulski
Batting: LHB Vince Moore 0-0: Ball
1-0: Swinging Strike
1-1: Fly out, F7 (Flyball, 7S, EV 81.9 MPH)
Batting: RHB Gavin Higdon 0-0: SINGLE (Groundball, 15S, EV 68.1 MPH) (infield hit)
Batting: RHB Kurt Hutchinson 0-0: Foul Ball, location: 2F
0-1: Ball
1-1: Foul Ball, location: 2F
1-2: Strikes out looking
Batting: LHB Joseph Krausse 0-0: Ball
1-0: Called Strike
1-1: Ball
2-1: Foul Ball, location: 2F
2-2: Hit by Pitch
Gavin Higdon to second
Pitching: RHP Sharrod Hayes
Batting: LHB Riley Lunney 0-0: Called Strike
0-1: Called Strike
0-2: Ground out 5-3 (Groundball, 15, EV 83.8 MPH)
Bottom of the 8th over - 0 runs, 1 hit, 0 errors, 2 left on base; Jefferson City HS 1 - Poly Prep Country Day School 1
TOP OF THE 9TH
Jefferson City HS Jaguars batting - Pitching for Poly Prep Country Day School Blue Devils : RHP Arnold Trout
Batting: RHB E.J. Compton 0-0: Ball
1-0: Foul Ball, location: 2F
1-1: Fly out, F9 (Flyball, 9LD, EV 96.9 MPH)
Batting: LHB Joey Trinidad 0-0: Called Strike
0-1: Ball
1-1: Foul Ball, location: 2F
1-2: Foul Ball, location: 2F
1-2: Ball
2-2: Ball
3-2: DOUBLE (Line Drive, 78XD, EV 100.0 MPH)
Batting: RHB Dawson Overton 0-0: Intentional Walk
Batting: RHB Jaime Klutts 0-0: Fielders Choice at 2nd, 1-6 (Groundball, 34S, EV 71.2 MPH)
Joey Trinidad to third
Batting: RHB Parker Benedetto 0-0: Ball
1-0: Called Strike
1-1: Called Strike
1-2: Foul Ball, location: 2F
1-2: Ball
2-2: Ball
Wild Pitch!
Joey Trinidad scores
Jaime Klutts to second
3-2: Foul Ball, location: 2F
3-2: Foul Ball, location: 2F
3-2: Foul Ball, location: 2F
3-2: Strikes out swinging
Top of the 9th over - 1 run, 1 hit, 0 errors, 1 left on base; Jefferson City HS 2 - Poly Prep Country Day School 1
BOTTOM OF THE 9TH
Poly Prep Country Day School Blue Devils batting - Pitching for Jefferson City HS Jaguars : RHP Sharrod Hayes
Pitching: RHP Devin Ray
Now in RF: Emil Galarza
Batting: RHB Kevin Joseph 0-0: Ball
1-0: DOUBLE (Line Drive, 8RXD, EV 107.5 MPH)
Batting: RHB Ashton Kim 0-0: Called Strike
0-1: Ball
1-1: Foul Ball, location: 2F
1-2: Ball
2-2: Foul Ball, location: 2F
2-2: Foul Ball, location: 2F
2-2: Strikes out swinging
Batting: LHB Lucas Costner 0-0: Foul Ball, location: 2F
0-1: Ball
1-1: Called Strike
1-2: Ball
2-2: SINGLE (Line Drive, 5D, EV 94.4 MPH)
Kevin Joseph to third
Batting: RHB Kevin Duffie 0-0: Called Strike
0-1: Swinging Strike
0-2: Strikes out swinging
Batting: LHB Vince Moore 0-0: Foul Ball, location: 2F
0-1: Ground out 4-3 (Groundball, 4D, EV 90.0 MPH)
Bottom of the 9th over - 0 runs, 2 hits, 0 errors, 2 left on base; Jefferson City HS 2 - Poly Prep Country Day School 1
Saturday, April 27th , 2024 - OOTP Baseball 23.10 Build 110